 Dungeon Crawl Stone Soup version 0.31-a0-426-g3a05650e59 (webtiles) character file.

Game seed: 13806993159940766092

35 Gelion the Changeling (level 3, 0/24 HPs)
             Began as an Octopode Shapeshifter on July 30, 2023.
             Succumbed to an orc's poison
             ... on level 1 of the Dungeon.
             The game lasted 00:01:29 (832 turns).

Gelion the Changeling (Octopode Shapeshifter)        Turns: 832, Time: 00:01:30

Health: 0/24       AC:  1    Str: 14    XL:     3   Next: 33%
Magic:  3/3        EV: 13    Int: 10    God:
Gold:   73         SH:  0    Dex: 14    Spells: 2/2 levels left

rFire   . .          .
                       - Unarmed
rCold   . . .        (no shield)
rNeg    . . .        (helmet currently unavailable)
rPois   .            (no amulet)
rElec   .            (no ring)
rCorr   .            (no ring)
SInv    .            (no ring)
Will    .....        (no ring)
Stlth   ++           (no ring)
HPRegen 0.24/turn    (no ring)
MPRegen 0.08/turn    (no ring)
                     (no ring)

%: no passive effects
@: lethally poisoned (0 -> -5), beast-form, hasted, very quick
A: beast (slay +2), almost no armour, amphibious, 8 rings, camouflage 1,
gelatinous body 1, (nimble swimmer 1), tentacles
a: Begin Untransformation


You were on level 1 of the Dungeon.
You were a hulking beast.
You visited 1 branch of the dungeon, and saw 2 of its levels.

You collected 73 gold pieces.

Inventory:

Talismans
 b - a beast talisman (active)
 e - a maw talisman
Scrolls
 c - a scroll of fear {unknown}
 f - a scroll of identify {unknown}
Potions
 a - a potion of lignification
 d - a potion of haste
 g - a potion of attraction {unknown}


   Skills:
 + Level 1.6 Fighting
 - Level 2.0 Dodging
 + Level 3.3 Unarmed Combat
 * Level 3.5 Shapeshifting


You had 2 spell levels left.
You didn't know any spells.
Your spell library was empty.

Dungeon Overview and Level Annotations

Branches:
Dungeon (2/15)

Altars:


Innate Abilities, Weirdness & Mutations

You are a hulking beast.
Your limbs bulge with bestial killing power. (Slay +2)
You cannot wear most types of armour.
You are amphibious.
You can wear up to eight rings at the same time.
Your skin changes colour to match your surroundings (Stealth+).
Your rubbery body absorbs attacks. (AC +1, EV +1)
((You are camouflaged when in or above water. (Stealth+)))
You have tentacles for arms and can constrict up to eight enemies at once.


Message History

The hobgoblin shouts!
You tentacle-slap the endoplasm. x2
The endoplasm is almost dead.
The endoplasm hits you.
Unknown command.
You tentacle-slap the endoplasm but do no damage.
You squeeze the endoplasm.
You kill the endoplasm!
Unknown command.
An orc comes into view. It is wielding a +0 whip.
There is a stone staircase leading up here.
The hobgoblin hits you.
The orc hits you with a +2 dagger of venom.
You are poisoned.
You climb upwards.
You feel sick.
There is a stone staircase leading down here.
You closely miss the orc. You grab the orc. You constrict the orc.
You feel sick.
The orc hits you with a +2 dagger of venom.
You are lethally poisoned!
The hobgoblin closely misses you.
You tentacle-slap the orc. You squeeze the orc.
You kill the orc!
* * * LOW HITPOINT WARNING * * *
You feel very sick. The hobgoblin misses you.
* * * LOW HITPOINT WARNING * * *
You feel sick.
Things that are here:
a +2 dagger of venom; an orc corpse You closely miss the hobgoblin.
You grab the hobgoblin. You constrict the hobgoblin.
* * * LOW HITPOINT WARNING * * *
You feel sick. The hobgoblin closely misses you.
You tentacle-slap the hobgoblin.
You kill the hobgoblin!
* * * LOW HITPOINT WARNING * * *
You feel sick.
It was a potion of haste.
You feel yourself speed up.
You die...

# #.# #..............########
###.###.......######.#......#
#.............+....#.#.####.#
#.#.###.......##.#.#.#.# #.#
..............#..#.#.#.# #.#
.....#####.......#..[#.# #)#
.......................####.#
............#....>........#.#
..........##....h....####.#.#
#.......####.........##...#.#
###...### #..........##.###.#
##.## ##..........##...#.#
###'### #...........####.#.#
##.....###.....##...........#
#.......##....[..)..#######.#
#...<...####................#
##.....## ###.........###..#


There were no monsters in sight!

Vanquished Creatures
  An orc (D:1)
  4 bats (D:1)
  3 endoplasms
  A goblin (D:1)
  4 hobgoblins (D:1)
  4 kobolds (D:1)
  4 quokkas (D:1)
  4 ball pythons (D:1)
  5 frilled lizards (D:1)
30 creatures vanquished.

Notes
Turn   | Place    | Note
-------+----------+-------------------------------------------
     0 | D:1      | Gelion the Octopode Shapeshifter began the quest for the
                  | Orb.
     0 | D:1      | Reached XP level 1. HP: 13/13 MP: 1/1
    91 | D:1      | Reached XP level 2. HP: 13/18 MP: 2/2
   524 | D:1      | Reached XP level 3. HP: 23/23 MP: 3/3
   831 | D:1      | HP: 1/24 [poisoned by an orc]
   832 | D:1      | Succumbed to an orc's poison

Illustrated notes

Levels and vault maps discovered:
D:1:      onia_arrival_pentagram, layout_basic, minmay_pentomino_v4
D:2:      layout_basic, basic_altar

Action                     || total
---------------------------++-------
  Melee: Unarmed           ||    47
         Tentacles         ||     8
         Constrict         ||    10
         Punch             ||     1
    Use: Potion            ||     1
   Stab: Sleeping          ||     5
 Armour: Skin              ||     2
  Dodge: Dodged            ||    27

Table legend: (Time is in decaauts)
 A = Elapsed time spent in this place.
 B = Non-inter-level travel time spent in this place.
 C = Inter-level travel time spent in this place.
 D = Time resting spent in this place.
 E = Time spent auto-exploring this place.
 F = Levels seen in this place.
 G = Mean time per level.
                   A        B        C        D        E       F      G
               +--------+--------+--------+--------+--------+-----+--------+
         Total |    829 |    786 |     43 |      0 |    623 |   2 |  414.5 |
       Dungeon |    829 |    786 |     43 |      0 |    623 |   2 |  414.5 |
               +--------+--------+--------+--------+--------+-----+--------+

Top non-repeatable levels by time:
     D:1: 823 daAuts
     D:2: 6 daAuts
